 Dungeon Crawl Stone Soup version 0.26.0-10-g1f06aea511 (webtiles) character file.

Game seed: 942180564693106873

187 Borgoz the Slasher (level 5, 0/45 HPs)
             Began as a Ghoul Gladiator on Jan 30, 2021.
             Splashed by a jelly's acid (2 damage)
             ... on level 2 of the Dungeon.
             The game lasted 00:01:36 (1453 turns).

Borgoz the Slasher (Ghoul Gladiator)                Turns: 1453, Time: 00:01:37

Health: 0/45       AC:  6    Str: 18    XL:     5   Next: 66%
Magic:  4/4        EV: 13    Int:  3    God:
Gold:   72         SH:  0    Dex: 11    Spells: 4/4 levels left

rFire    . . .     SeeInvis .   a - +0 long sword
rCold    + . .     Faith    .   (no shield)
rNeg     + + +     Spirit   .   b - +0 leather armour
rPois    ∞         Reflect  .   c - +0 helmet
rElec    .         Harm     .   (no cloak)
rCorr    .         Rampage  .   f - +0 pair of gloves
Will     .....                  k - +0 pair of boots
Stlth    +.........             (no amulet)
HPRegen  0.00/turn              (no ring)
MPRegen  0.09/turn              (no ring)

@: no status effects
A: claws 1, cold resistance 1, negative energy resistance 3, inhibited
regeneration, torment resistance, unbreathing
a: no special abilities


You were on level 2 of the Dungeon.
You visited 1 branch of the dungeon, and saw 2 of its levels.

You collected 72 gold pieces.

Inventory:

Hand Weapons
 a - a +0 long sword (weapon)
Missiles
 d - 3 throwing nets (quivered)
Armour
 b - a +0 leather armour (worn)
 c - a +0 helmet (worn)
 f - a +0 pair of gloves (worn)
 k - a +0 pair of boots (worn)
Jewellery
 g - an uncursed ring of flight
 n - a cursed -4 ring of dexterity {unknown}
Scrolls
 e - a scroll of identify {unknown}
 h - a scroll of teleportation {unknown}
 i - a scroll of noise {unknown}
 o - a scroll of remove curse {unknown}
 q - a scroll of enchant weapon {unknown}
 s - a scroll of blinking {unknown}
Potions
 j - a potion of flight {unknown}
 l - a potion of attraction {unknown}
 m - a potion of ambrosia {unknown}
 p - a potion of brilliance {unknown}
 r - a potion of berserk rage {unknown}


   Skills:
 + Level 3.0 Fighting
 * Level 3.8 Long Blades
 - Level 1.7 Throwing
 * Level 2.1 Armour
 * Level 3.7 Dodging


You had 4 spell levels left.
You didn't know any spells.
Your spell library was empty.

Dungeon Overview and Level Annotations

Branches:
Dungeon (2/15)

Altars:
Kikubaaqudgha


Innate Abilities, Weirdness & Mutations

You thrive by killing the living.
You are immune to poison.
You have sharp fingernails.
Your flesh is cold resistant. (rC+)
You are immune to negative energy. (rN+++)
You do not regenerate when monsters are visible.
You are immune to unholy pain and torment.
You can survive without breathing.


Message History

The jelly completely misses you.
You riposte.
You hit the jelly.
The jelly is almost dead.
Things that are here:
a +0 dagger; a kobold skeleton
There is an open door here.
The jelly jiggles.
The jelly jiggles.
You are no longer corroded.
You see here a kobold skeleton.
Things that are here:
a +0 dagger; a kobold skeleton; a kobold skeleton
There is an open gate here.
You see here a stone.
The jelly jiggles.
You hit the jelly but do no damage.
Your hands burn!
* * * LOW HITPOINT WARNING * * *
The jelly is severely wounded.
The jelly closely misses you.
You hit the jelly.
Your hands burn!
You die...

#..######....###........
#...##.......##.........
#...##.......##.........
#...##.......##.........
#...##.......##.........
##..###.÷...###.........
#.## ##)).####....#..>.
#.# ###J('###..........
##.###.@................
#......(...[............
#..(.##............##...
#........(.........##...
#......>(...............
#.............)...>.#...
#.......................
#..................###..
#...............)..# ##.


You could see a jelly.

Vanquished Creatures
  2 vampire bats (D:2)
  A jelly (D:2)
  7 oozes (D:2)
  A dart slug (D:1)
  A leopard gecko (D:1)
  3 bat skeletons (D:2)
  2 bat zombies (D:2)
  3 giant cockroaches (D:1)
  A goblin (D:2)
  2 hobgoblins (D:1)
  3 jackals (D:2)
  A ball python (D:2)
  2 bats
  2 frilled lizards
  8 kobolds
  5 rats
44 creatures vanquished.

Vanquished Creatures (others)
  A fungus (D:2)
  12 toadstools (D:2)
13 creatures vanquished.

Grand Total: 57 creatures vanquished

Notes
Turn   | Place    | Note
-------+----------+-------------------------------------------
     0 | D:1      | Borgoz the Ghoul Gladiator began the quest for the Orb.
     0 | D:1      | Reached XP level 1. HP: 17/17 MP: 0/0
   130 | D:1      | Reached XP level 2. HP: 22/24 MP: 1/1
   811 | D:2      | Reached XP level 3. HP: 30/30 MP: 2/2
   854 | D:2      | Reached skill level 1 in Armour
   854 | D:2      | Found an ancient bone altar of Kikubaaqudgha.
   859 | D:2      | Reached XP level 4. HP: 31/37 MP: 3/3
  1102 | D:2      | Reached XP level 5. HP: 42/42 MP: 4/4
  1452 | D:2      | HP: 2/45 [acid (3)]
  1453 | D:2      | Splashed by a jelly's acid

Illustrated notes

Levels and vault maps discovered:
D:1:      mushboom_english_gardens, layout_loops_ring
D:2:      cheibrodos_fertilizer, layout_rooms, kennysheep_vampire_church

Skill      XL: |  1  2  3  4  5 |
---------------+----------------+-----
Long Blades    | 3 |  3.8
Dodging        | 3 |  3.7
Armour         | 1 2 |  2.1
Fighting       | 3 |  3.0
Throwing       | |  1.7

Action                   |  1- 3 |  4- 6 || total
-------------------------+-------+-------++-------
Melee: Long sword        |    66 |    50 ||   116
Armor: Leather armour    |    35 |    17 ||    52
Dodge: Dodged            |    69 |    43 ||   112
       Rpst.: Long sword |    16 |    17 ||    33
